 Dungeon Crawl Stone Soup version 0.28-a0-1518-gbe868bca14 (webtiles) character file.

Game seed: 7128649075611933972

186 fragbeetle the Insei (level 5, 0/42 HPs)
             Began as a Draconian Transmuter on Jan 17, 2022.
             Killed from afar by Ijyb (9 damage)
             ... with a puff of flame
             ... on level 3 of the Dungeon.
             The game lasted 00:03:38 (2715 turns).

fragbeetle the Insei (Draconian Transmuter)         Turns: 2715, Time: 00:03:39

Health: 0/42       AC:  5    Str: 13    XL:     5   Next: 38%
Magic:  8/8        EV: 12    Int: 13    God:
Gold:   90         SH:  0    Dex: 13    Spells: 0/8 levels left

rFire   . . .      SeeInvis .     - Unarmed
rCold   . . .      Faith    .   (no shield)
rNeg    . . .      Spirit   .   (armour unavailable)
rPois   .          Reflect  .   (helmet currently unavailable)
rElec   .          Harm     .   (no cloak)
rCorr   .          Rampage  .   (no gloves)
Will    .....                   (boots currently unavailable)
Stlth   +.........              (no amulet)
HPRegen 0.14/turn               (no ring)
MPRegen 0.11/turn               (no ring)

@: appendages (expiring)
A: horns 2, talons 2, AC +5, unfitting armour, cold-blooded
a: End Transformation


You were on level 3 of the Dungeon.
You had temporarily grown beastly horns and talons.
You visited 1 branch of the dungeon, and saw 3 of its levels.

You collected 90 gold pieces.

Inventory:

Missiles
 a - 18 stones
Jewellery
 h - a ring of resist corrosion
 j - an amulet of faith
Scrolls
 b - a scroll of amnesia {unknown}
 d - a scroll of identify {unknown}
 f - a scroll of fog {unknown}
 g - a scroll of magic mapping {unknown}
 k - a scroll of acquirement {unknown}
Potions
 c - 4 potions of curing {unknown}
 e - 2 potions of heal wounds {unknown}
 i - 2 potions of magic {unknown}


   Skills:
 + Level 2.4 Fighting
 + Level 2.5 Dodging
 * Level 4.1 Unarmed Combat
 - Level 2.0 Spellcasting
 * Level 3.5 Transmutations
 + Level 0.0 Ice Magic
 + Level 1.2 Poison Magic


You couldn't memorise any spells.
You knew the following spells:

 Your Spells              Type           Power      Damage    Failure   Level
a - Beastly Appendage     Tmut           20%        N/A       6%          1
b - Spider Form           Tmut/Pois      7%         N/A       28%         3
c - Ice Form              Ice/Tmut       5%         N/A       77%         4

Your spell library contained the following spells:

 Spells                   Type           Power      Damage    Failure   Level
 Wereblood                Tmut           10%        N/A       9%          2


Dungeon Overview and Level Annotations

Branches:
Dungeon (3/15)

Altars:

Annotations:
D:3 Ijyb


Innate Abilities, Weirdness & Mutations

You have temporarily grown beastly horns and talons.
Your plain brown scales are hard. (AC +5)
You cannot fit into any form of body armour.
You are cold-blooded and may be slowed by cold attacks.


Message History

Ijyb hits you with a +0 club.
You closely miss Ijyb. Your kick misses Ijyb. Your headbutt misses Ijyb.
Ijyb is moderately wounded.
Ijyb hits you with a +0 club.
You hit Ijyb but do no damage.
Ijyb is moderately wounded.
Ijyb hits you with a +0 club.
You closely miss Ijyb. Your kick misses Ijyb.
Your tail-slap misses Ijyb.
Ijyb is moderately wounded.
Ijyb completely misses you.
You hit Ijyb but do no damage.
Your tail-slap misses Ijyb.
You punch Ijyb, but do no damage.
Ijyb is moderately wounded.
Ijyb zaps a wand.
The puff of flame misses you.
You hit Ijyb but do no damage. Your kick misses Ijyb.
Ijyb is moderately wounded.
You completely miss Ijyb. Your kick misses Ijyb. You headbutt Ijyb.
Ijyb is moderately wounded.
Ijyb zaps a wand.
The puff of flame hits you.
You hit Ijyb. You claw Ijyb. Your headbutt misses Ijyb.
You tail-slap Ijyb, but do no damage.
Ijyb is severely wounded.
Ijyb zaps a wand.
The puff of flame hits you!
You hit Ijyb but do no damage. You claw Ijyb, but do no damage.
You tail-slap Ijyb, but do no damage.
Ijyb is severely wounded.
Ijyb barely misses you.
You barely miss Ijyb. Your kick misses Ijyb.
Ijyb is severely wounded.
Ijyb zaps a wand.
The puff of flame hits you!
* * * LOW HITPOINT WARNING * * *
You barely miss Ijyb. You headbutt Ijyb. You tail-slap Ijyb, but do no damage.
Ijyb is severely wounded.
Your transformation is almost over.
Ijyb zaps a wand.
The puff of flame hits you.
* * * LOW HITPOINT WARNING * * *
You hit Ijyb but do no damage. Your headbutt misses Ijyb.
Ijyb is severely wounded.
Ijyb zaps a wand.
The puff of flame hits you!
You die...

###############
#.............#
#.###########.#
#@# #.#
.!....g..# #.#
..######.# #.#
.# #.# .#
####.# .#
#....# .#
#.#### .# #.#
#.#


You could see Ijyb.

Vanquished Creatures
  Terence (D:3)
  An iguana (D:2)
  Natasha (twice) (D:3)
  3 adders
  2 worms (D:2)
  A dart slug (D:1)
  6 bats
  2 endoplasms
  5 goblins
  4 hobgoblins
  6 jackals (D:1)
  6 kobolds
  2 quokkas (D:1)
  4 ball pythons
  2 frilled lizards
  3 rats (D:1)
50 creatures vanquished.

Notes
Turn   | Place    | Note
-------+----------+-------------------------------------------
     0 | D:1      | fragbeetle the Draconian Transmuter began the quest for the
                  | Orb.
     0 | D:1      | Reached XP level 1. HP: 16/16 MP: 3/3
   360 | D:1      | Reached XP level 2. HP: 22/23 MP: 1/5
   924 | D:1      | Reached XP level 3. HP: 19/28 MP: 4/6
   934 | D:1      | Learned a level 3 spell: Spider Form
  1511 | D:2      | Reached XP level 4. HP: 35/36 MP: 7/7
  1797 | D:2      | Identified the +6 chain mail "Xocsutra" {Dex+5}
  2182 | D:3      | Noticed Natasha
  2187 | D:3      | Killed Natasha
  2187 | D:3      | Noticed Natasha
  2197 | D:3      | Killed Natasha
  2198 | D:3      | Reached skill level 4 in Unarmed Combat
  2198 | D:3      | Reached skill level 1 in Poison Magic
  2198 | D:3      | Reached XP level 5. HP: 29/41 MP: 8/8
  2344 | D:3      | Noticed Terence
  2380 | D:3      | Killed Terence
  2659 | D:3      | Learned a level 4 spell: Ice Form
  2698 | D:3      | Noticed Ijyb
  2715 | D:3      | Killed from afar by Ijyb

Illustrated notes

Levels and vault maps discovered:
D:1:      wander_arrival_chamber, layout_loops_corners, lemuel_flame_loot_1
D:2:      layout_basic, minmay_pentomino_q4
D:3:      layout_loops_ring, ebering_dispersal_statue_hall, uniq_ijyb,
          uniq_natasha, uniq_crazy_yiuf_cottage, uniq_terence

Skill      XL: |  1  2  3  4 |
---------------+-------------+-----
Dodging        | 2 |  2.5
Transmutations | 3 |  3.5
Fighting       | 2 |  2.4
Unarmed Combat | 4 |  4.1
Poison Magic   | 1 |  1.2
Spellcasting   | |  2.0

Action                   |  1- 3 |  4- 6 || total
-------------------------+-------+-------++-------
Melee: Unarmed           |    92 |    66 ||   158
       Kick              |    16 |    12 ||    28
       Headbutt          |    12 |     6 ||    18
       Tailslap          |     4 |     9 ||    13
       Punch             |     4 |     3 ||     7
 Cast: Beastly Appendage |    24 |    13 ||    37
       Spider Form       |       |     1 ||     1
 Stab: Sleeping          |       |     1 ||     1
Armor: Skin              |    27 |     9 ||    36
Dodge: Dodged            |    57 |    42 ||    99

Table legend: (Time is in decaauts)
 A = Elapsed time spent in this place.
 B = Non-inter-level travel time spent in this place.
 C = Inter-level travel time spent in this place.
 D = Time resting spent in this place.
 E = Time spent auto-exploring this place.
 F = Levels seen in this place.
 G = Mean time per level.
                   A        B        C        D        E       F      G
               +--------+--------+--------+--------+--------+-----+--------+
         Total |   2714 |   2665 |     49 |    169 |   2037 |   3 |  904.7 |
       Dungeon |   2714 |   2665 |     49 |    169 |   2037 |   3 |  904.7 |
               +--------+--------+--------+--------+--------+-----+--------+

Top non-repeatable levels by time:
     D:1: 1154 daAuts
     D:2: 1020 daAuts
     D:3: 539 daAuts
